1815 views
Uploaded 2023-04-03 15:51:35
Game version 1.35 (6115)
18:01 long 2on2 ladder game on (4)KingAndCountry_S2_v1.3
Saved by DKnight
1815 views
Uploaded 2023-04-03 15:51:35
Game version 1.35 (6115)
18:01 long 2on2 ladder game on (4)KingAndCountry_S2_v1.3


52 units @ 9.5k
/ 1.7k
29 buildings @ 4.7k
/ 1.6k


| Rod of Necromancy | 3 | 450 |
| Ritual Dagger | 1 | 125 |
| Orb of Corruption | 1 | 375 |
| Potion of Healing | 1 | 150 |
| Potion of Mana | 1 | 200 |
| total: | 7 | 1300g |
| Acolyte | 3 | 225 | / | 0 |
| Ghoul | 2 | 240 | / | 0 |
| Crypt Fiend | 11 | 2365 | / | 440 |
| Obsidian Statue | 4 | 800 | / | 140 |
| Abomination | 3 | 720 | / | 210 |
| total: | 23 | 4350g | / | 790w |
| Nerubian Tower | 1 | 100 | / | 20 |
| Altar of Darkness | 1 | 180 | / | 50 |
| Crypt | 1 | 200 | / | 50 |
| Ziggurat | 6 | 900 | / | 300 |
| Graveyard | 1 | 215 | / | 0 |
| Tomb of Relics | 1 | 130 | / | 30 |
| Necropolis | 1 | 225 | / | 0 |
| Slaughterhouse | 2 | 280 | / | 270 |
| Halls of the Dead | 1 | 320 | / | 210 |
| Black Citadel | 1 | 325 | / | 230 |
| total: | 13 | 2130g | / | 700w |
| 0:02 | Acolyte |
| 0:02 | Acolyte |
| 0:14 | Altar of Darkness |
| 0:18 | Crypt |
| 0:45 | Ziggurat |
| 0:57 | Graveyard |
| 1:11 | Tomb of Relics |
| 1:34 | Ghoul |
| 1:48 | Ghoul |
| 1:51 | Ziggurat |
| 2:03 | Nerubian Tower |
| 2:24 | Crypt Fiend |
| 2:37 | Rod of Necromancy |
| 2:39 | Death Coil |
| 2:59 | Crypt Fiend |
| 3:35 | Crypt Fiend |
| 4:01 | Halls of the Dead |
| 4:05 | Rod of Necromancy |
| 4:07 | Unholy Aura |
| 4:18 | Crypt Fiend |
| 4:46 | Ziggurat |
| 4:48 | Creature Attack |
| 5:33 | Ritual Dagger |
| 6:25 | Death Coil |
| 6:48 | Slaughterhouse |
| 6:50 | Ziggurat |
| 6:52 | Black Citadel |
| 7:19 | Frost Nova |
| 7:25 | Rod of Necromancy |
| 8:12 | Obsidian Statue |
| 8:13 | Obsidian Statue |
| 8:28 | Creature Carapace |
| 9:10 | Dark Ritual |
| 9:45 | Destroyer Form |
| 9:46 | Obsidian Statue |
| 10:08 | Disease Cloud |
| 10:10 | Abomination |
| 10:15 | Slaughterhouse |
| 10:17 | Unholy Armor |
| 10:45 | Unholy Aura |
| 11:17 | Crypt Fiend |
| 11:17 | Crypt Fiend |
| 11:56 | Abomination |
| 12:05 | Ziggurat |
| 12:05 | Ziggurat |
| 12:07 | Improved Unholy Armor |
| 12:27 | Orb of Corruption |
| 12:27 | Potion of Healing |
| 12:27 | Potion of Mana |
| 12:44 | Web |
| 13:24 | Abomination |
| 13:25 | Crypt Fiend |
| 13:59 | Frost Nova |
| 14:16 | Death Coil |
| 14:45 | Obsidian Statue |
| 14:58 | Crypt Fiend |
| 15:31 | Unholy Strength |
| 15:43 | Crypt Fiend |
| 15:49 | Acolyte |
| 16:51 | Necropolis |
| 16:59 | Crypt Fiend |
| 17:00 | Crypt Fiend |
| 17:32 | Frost Armor |
| Right click | 546 |
| Select group | 332 |
| Select | 203 |
| Misc. action | 130 |
| Build/train/purchase | 71 |
| Use ability | 42 |
| Assign group | 31 |
| Minimap ping | 4 |
| Item give/drop | 3 |
| Remove unit | 2 |


| Rod of Necromancy | 2 | 300 |
| Orb of Corruption | 1 | 375 |
| Dust of Appearance | 1 | 75 |
| Scroll of Healing | 2 | 500 |
| Potion of Lesser Invulnerability | 1 | 150 |
| total: | 7 | 1400g |
| Acolyte | 7 | 525 | / | 0 |
| Ghoul | 2 | 240 | / | 0 |
| Crypt Fiend | 12 | 2580 | / | 480 |
| Obsidian Statue | 4 | 800 | / | 140 |
| Abomination | 4 | 960 | / | 280 |
| total: | 29 | 5105g | / | 900w |
| Crypt | 1 | 200 | / | 50 |
| Altar of Darkness | 1 | 180 | / | 50 |
| Ziggurat | 9 | 1350 | / | 450 |
| Tomb of Relics | 1 | 130 | / | 30 |
| Graveyard | 1 | 215 | / | 0 |
| Necropolis | 1 | 225 | / | 0 |
| Slaughterhouse | 2 | 280 | / | 270 |
| Halls of the Dead | 2 | 640 | / | 420 |
| Black Citadel | 2 | 650 | / | 460 |
| total: | 16 | 2580g | / | 850w |
| 0:02 | Acolyte |
| 0:02 | Acolyte |
| 0:07 | Crypt |
| 0:09 | Altar of Darkness |
| 0:23 | Ziggurat |
| 0:24 | Ziggurat |
| 0:25 | Ziggurat |
| 0:40 | Acolyte |
| 0:59 | Tomb of Relics |
| 1:08 | Ghoul |
| 1:34 | Graveyard |
| 1:40 | Ghoul |
| 1:55 | Ziggurat |
| 2:13 | Rod of Necromancy |
| 2:14 | Death Coil |
| 2:45 | Halls of the Dead |
| 3:03 | Crypt Fiend |
| 3:46 | Crypt Fiend |
| 4:04 | Crypt Fiend |
| 4:11 | Unholy Aura |
| 4:17 | Rod of Necromancy |
| 4:18 | Dust of Appearance |
| 4:40 | Crypt Fiend |
| 4:43 | Ziggurat |
| 5:25 | Slaughterhouse |
| 5:58 | Death Coil |
| 5:59 | Acolyte |
| 5:59 | Acolyte |
| 6:10 | Ziggurat |
| 6:38 | Frost Nova |
| 6:51 | Obsidian Statue |
| 7:11 | Crypt Fiend |
| 7:14 | Crypt Fiend |
| 7:15 | Web |
| 7:31 | Potion of Lesser Invulnerability |
| 7:41 | Obsidian Statue |
| 8:13 | Black Citadel |
| 8:33 | Obsidian Statue |
| 8:35 | Creature Attack |
| 8:44 | Frost Armor |
| 9:03 | Necropolis |
| 9:05 | Ziggurat |
| 10:26 | Slaughterhouse |
| 10:48 | Death Pact |
| 11:29 | Frost Nova |
| 11:33 | Destroyer Form |
| 11:34 | Abomination |
| 12:02 | Crypt Fiend |
| 12:02 | Crypt Fiend |
| 12:03 | Abomination |
| 12:26 | Crypt Fiend |
| 13:23 | Crypt Fiend |
| 13:24 | Abomination |
| 13:56 | Crypt Fiend |
| 13:57 | Abomination |
| 14:30 | Obsidian Statue |
| 14:37 | Crypt Fiend |
| 14:39 | Death Coil |
| 14:52 | Frost Armor |
| 14:54 | Ziggurat |
| 15:28 | Orb of Corruption |
| 15:38 | Improved Creature Attack |
| 15:47 | Acolyte |
| 15:47 | Acolyte |
| 16:01 | Scroll of Healing |
| 16:05 | Scroll of Healing |
| 16:23 | Ziggurat |
| Right click | 975 |
| Select group | 773 |
| Select | 357 |
| Misc. action | 127 |
| Build/train/purchase | 97 |
| Use ability | 50 |
| Assign group | 47 |
| Item give/drop | 6 |
| Resource trade | 5 |
| Remove unit | 2 |
76 units @ 12.1k
/ 1.8k
28 buildings @ 3.8k
/ 1.4k



| Healing Salve | 7 | 700 |
| Scroll of Speed | 2 | 100 |
| Lesser Clarity Potion | 2 | 140 |
| Orb of Lightning | 1 | 375 |
| Potion of Healing | 1 | 150 |
| Scroll of Town Portal | 1 | 350 |
| total: | 14 | 1815g |
| Peon | 7 | 525 | / | 0 |
| Troll Headhunter | 12 | 1680 | / | 240 |
| Troll Berserker | 16 | 2240 | / | 320 |
| Assassin | 1 | 250 | / | 30 |
| Kobold Geomancer | 1 | 255 | / | 30 |
| total: | 37 | 4950g | / | 620w |
| Altar of Storms | 1 | 180 | / | 50 |
| Barracks | 2 | 360 | / | 100 |
| Orc Burrow | 4 | 640 | / | 160 |
| War Mill | 1 | 205 | / | 0 |
| Voodoo Lounge | 1 | 130 | / | 30 |
| Spirit Lodge | 1 | 150 | / | 150 |
| Stronghold | 1 | 315 | / | 190 |
| Fortress | 1 | 325 | / | 190 |
| total: | 10 | 1665g | / | 490w |
| 0:01 | Peon |
| 0:11 | Peon |
| 0:17 | Altar of Storms |
| 0:26 | Peon |
| 0:32 | Barracks |
| 0:38 | Orc Burrow |
| 0:39 | Peon |
| 1:00 | War Mill |
| 1:06 | Peon |
| 1:20 | Peon |
| 1:35 | Peon |
| 1:47 | Orc Burrow |
| 2:01 | Voodoo Lounge |
| 2:10 | Troll Headhunter |
| 2:20 | Troll Headhunter |
| 2:34 | Shockwave |
| 2:47 | Troll Headhunter |
| 3:04 | Troll Headhunter |
| 3:23 | Stronghold |
| 3:42 | Troll Headhunter |
| 3:44 | Endurance Aura |
| 3:53 | Orc Burrow |
| 3:56 | Healing Salve |
| 4:26 | Troll Headhunter |
| 4:32 | Steel Ranged Weapons |
| 4:43 | Healing Salve |
| 4:43 | Scroll of Speed |
| 4:46 | Troll Headhunter |
| 5:20 | Shockwave |
| 5:32 | Orc Burrow |
| 5:57 | Troll Headhunter |
| 5:58 | Fortress |
| 6:24 | Healing Salve |
| 6:34 | Thorium Ranged Weapons |
| 7:03 | Troll Headhunter |
| 7:07 | Lesser Clarity Potion |
| 7:07 | Healing Salve |
| 7:10 | Endurance Aura |
| 7:13 | Healing Wave |
| 7:38 | Troll Regeneration |
| 8:06 | Troll Headhunter |
| 8:06 | Troll Headhunter |
| 8:07 | Hex |
| 8:19 | Berserker Upgrade |
| 8:28 | Healing Salve |
| 8:35 | Lesser Clarity Potion |
| 8:38 | Orb of Lightning |
| 9:01 | Troll Headhunter |
| 9:09 | Healing Spray |
| 9:38 | Troll Berserker |
| 10:16 | Spirit Lodge |
| 10:20 | Arcanite Ranged Weapons |
| 11:21 | Troll Berserker |
| 11:22 | Troll Berserker |
| 11:38 | Troll Berserker |
| 12:06 | Troll Berserker |
| 12:06 | Troll Berserker |
| 12:21 | Healing Wave |
| 12:39 | Shaman Adept Training |
| 12:39 | Barracks |
| 12:46 | Shockwave |
| 13:06 | Troll Berserker |
| 13:45 | Assassin |
| 13:45 | Kobold Geomancer |
| 14:21 | Troll Berserker |
| 14:44 | Healing Salve |
| 14:44 | Scroll of Speed |
| 14:53 | Troll Berserker |
| 15:04 | Potion of Healing |
| 15:19 | Healing Salve |
| 15:30 | Troll Berserker |
| 15:42 | Troll Berserker |
| 16:14 | Troll Berserker |
| 16:16 | Troll Berserker |
| 16:24 | Troll Berserker |
| 16:31 | Troll Berserker |
| 17:11 | Scroll of Town Portal |
| 17:29 | Hex |
| 17:46 | Troll Berserker |
| Right click | 1042 |
| Select | 405 |
| Select group | 289 |
| Assign group | 221 |
| Misc. action | 149 |
| Build/train/purchase | 105 |
| Use ability | 64 |
| Resource trade | 10 |
| Minimap ping | 8 |
| Item give/drop | 4 |
| Remove unit | 2 |

| Peasant | 11 | 825 | / | 0 |
| Footman | 4 | 540 | / | 0 |
| Rifleman | 12 | 2460 | / | 360 |
| Gryphon Rider | 12 | 3360 | / | 840 |
| total: | 39 | 7185g | / | 1200w |
| Altar of Kings | 1 | 180 | / | 50 |
| Farm | 11 | 880 | / | 220 |
| Barracks | 1 | 160 | / | 60 |
| Blacksmith | 1 | 140 | / | 60 |
| Lumber Mill | 1 | 120 | / | 0 |
| Town Hall | 1 | 385 | / | 205 |
| Gryphon Aviary | 2 | 280 | / | 300 |
| Keep | 1 | 320 | / | 210 |
| Castle | 1 | 360 | / | 210 |
| total: | 18 | 2145g | / | 895w |
| 0:12 | Altar of Kings |
| 0:14 | Peasant |
| 0:15 | Peasant |
| 0:15 | Peasant |
| 0:33 | Farm |
| 0:49 | Peasant |
| 1:13 | Barracks |
| 1:20 | Farm |
| 1:25 | Peasant |
| 1:44 | Peasant |
| 1:57 | Farm |
| 2:15 | Farm |
| 2:17 | Footman |
| 2:17 | Footman |
| 2:30 | Peasant |
| 2:44 | Summon Water Elemental |
| 2:58 | Farm |
| 3:37 | Blacksmith |
| 3:42 | Farm |
| 4:11 | Footman |
| 4:16 | Farm |
| 4:34 | Footman |
| 4:47 | Blizzard |
| 4:59 | Rifleman |
| 5:05 | Lumber Mill |
| 5:07 | Keep |
| 5:10 | Rifleman |
| 5:11 | Rifleman |
| 6:18 | Blizzard |
| 6:36 | Farm |
| 6:42 | Farm |
| 6:45 | Rifleman |
| 6:45 | Rifleman |
| 6:47 | Black Gunpowder |
| 6:48 | Studded Leather Armor |
| 7:35 | Farm |
| 7:40 | Castle |
| 8:10 | Rifleman |
| 8:10 | Rifleman |
| 8:28 | Gryphon Aviary |
| 8:45 | Farm |
| 8:50 | Refined Gunpowder |
| 9:46 | Rifleman |
| 10:08 | Storm Hammers |
| 10:27 | Town Hall |
| 11:12 | Gryphon Rider |
| 11:13 | Gryphon Rider |
| 11:37 | Rifleman |
| 11:56 | Rifleman |
| 12:32 | Gryphon Rider |
| 12:34 | Rifleman |
| 13:18 | Gryphon Rider |
| 13:21 | Rifleman |
| 14:28 | Gryphon Rider |
| 14:33 | Peasant |
| 14:33 | Peasant |
| 14:33 | Peasant |
| 14:34 | Peasant |
| 14:52 | Imbued Gunpowder |
| 14:59 | Gryphon Aviary |
| 15:20 | Gryphon Rider |
| 15:51 | Animal War Training |
| 15:56 | Gryphon Rider |
| 16:18 | Gryphon Rider |
| 17:24 | Gryphon Rider |
| 17:26 | Gryphon Rider |
| 17:29 | Gryphon Rider |
| 17:31 | Gryphon Rider |
| Right click | 255 |
| Select | 176 |
| Build/train/purchase | 59 |
| Use ability | 8 |
| Remove unit | 2 |
⇛